 Dungeon Crawl Stone Soup version 0.28-a0-445-g51f8dfeb47 (webtiles) character file.

Game seed: 4495413952807886861

186 fcjeas the Digger (level 5, -7/28 HPs)
             Began as a Gargoyle Earth Elementalist on Sept 12, 2021.
             Killed from afar by Ijyb (12 damage)
             ... with a bolt of acid
             ... on level 3 of the Dungeon.
             The game lasted 00:05:36 (1993 turns).

fcjeas the Digger (Gargoyle Earth Elementalist)     Turns: 1993, Time: 00:05:37

Health: -7/28      AC:  7    Str: 11    XL:     5   Next: 66%
Magic:  5/10       EV: 11    Int: 17    God:
Gold:   91         SH:  0    Dex: 10    Spells: 7/11 levels left

rFire   + . .      SeeInvis .   d - +1 short sword
rCold   + . .      Faith    .   (no shield)
rNeg    + . .      Spirit   .   b - +0 robe
rPois   ∞          Reflect  .   (no helmet)
rElec   +          Harm     .   h - +0 cloak
rCorr   +          Rampage  .   (no gloves)
Will    .....                   (no boots)
Stlth   +.........              (no amulet)
HPRegen 0.09/turn               (no ring)
MPRegen 0.12/turn               (no ring)

@: confused, brilliant, resistant, ambrosia-drunk
A: sickness immunity, AC +4, negative energy resistance 1, electricity
resistance, torment resistance 1, petrification resistance
a: no special abilities


You were on level 3 of the Dungeon.
You visited 1 branch of the dungeon, and saw 3 of its levels.

You collected 91 gold pieces.

Inventory:

Hand Weapons
 d - a +1 short sword (weapon)
Missiles
 c - 90 stones
Armour
 b - a +0 robe (worn)
 h - a +0 cloak (worn)
Potions
 j - a potion of heal wounds {unknown}


   Skills:
 - Level 1.5 Dodging
 - Level 2.1 Stealth
 + Level 3.5 Spellcasting
 + Level 2.5 Conjurations
 - Level 0.7 Transmutations
 + Level 5.4 Earth Magic


You had 7 spell levels left.
You knew the following spells:

 Your Spells              Type           Power      Damage    Failure   Level
a - Sandblast             Erth           64%        2d14      1%          1
b - Stone Arrow           Conj/Erth      48%        3d10      10%         3

Your spell library contained the following spells:

 Spells                   Type           Power      Damage    Failure   Level
 Passwall                 Tmut/Erth      16%        N/A       7%          2
 Ignite Poison            Fire/Tmut/Pois 5%         N/A       41%         3
 Petrify                  Tmut/Erth      20%        N/A       43%         4
 Iskenderun's Mystic Bla  Conj/Tloc      10%        2d4       69%         4
 Manifold Assault         Tloc           4%         N/A       99%         5
 Dragon Form              Tmut           4%         N/A       100%        7


Dungeon Overview and Level Annotations

Branches:
Dungeon (3/15)

Altars:

Annotations:
D:3 Ijyb


Innate Abilities, Weirdness & Mutations

You are immune to sickness and miasma.
Your stone body is resilient. (AC +4)
You are immune to poison.
You resist negative energy. (rN+)
You are resistant to electric shocks. (rElec)
You are resistant to unholy torment.
You are immune to petrification.


Message History

Aim: Ijyb, wielding a +0 club, wearing a +0 leather armour and carrying a wand of acid (2) (moderately wounded, 76% to hit)
Okay, then.
Unknown command.
Unknown command.
Unknown command.
Unknown command.
Unknown command.
Unknown command.
Unknown command.
Casting: Sandblast (safe; 1% risk of failure)
Confirm with . or Enter, or press ? or * to list all spells.
Aiming: Sandblast (safe; 1% risk of failure)
Press: ? - help, Shift-Dir - straight line, f/p - Ijyb
Aim: Ijyb, wielding a +0 club, wearing a +0 leather armour and carrying a wand of acid (2) (moderately wounded, 76% to hit)
The blast of sand hits Ijyb but does no damage.
Ijyb is moderately wounded.
Ijyb hits you with a +0 club.
Casting: Sandblast (safe; 1% risk of failure)
Confirm with . or Enter, or press ? or * to list all spells.
Aiming: Sandblast (safe; 1% risk of failure)
Press: ? - help, Shift-Dir - straight line, f/p - Ijyb
Aim: Ijyb, wielding a +0 club, wearing a +0 leather armour and carrying a wand of acid (2) (moderately wounded, 76% to hit)
The blast of sand misses Ijyb.
Ijyb closely misses you.
Unknown command.
Casting: Sandblast (safe; 1% risk of failure)
Confirm with . or Enter, or press ? or * to list all spells.
Aiming: Sandblast (safe; 1% risk of failure)
Press: ? - help, Shift-Dir - straight line, f/p - Ijyb
Aim: Ijyb, wielding a +0 club, wearing a +0 leather armour and carrying a wand of acid (2) (moderately wounded, 76% to hit)
The blast of sand hits Ijyb.
Ijyb is heavily wounded.
Ijyb zaps a wand.
The bolt of acid hits you! You resist.
* * * LOW HITPOINT WARNING * * *
It was a potion of brilliance.
You feel clever all of a sudden. Ijyb barely misses you.
It was a potion of ambrosia.
You are confused.
You feel invigorated.
Ijyb zaps a wand.
The bolt of acid hits you! You resist.
You die...

#. #######. ##.......
#..###### #
####.###.... ..
##...>##..### ..
#####<.##....##
...#####.........####
#.....@g.....####
####.#####.#####
#....g.....#
...####.##### #.# #..
#### ### ##... #..##
####.##


You could see Ijyb.

Vanquished Creatures
  A necrophage (D:2)
  A jelly (D:3)
  2 adders (D:2)
  2 worms
  An orc (D:3)
  2 ball pythons (D:1)
  4 endoplasms
  3 giant cockroaches
  3 goblins (D:2)
  4 hobgoblins
  2 quokkas
  6 bats
  4 frilled lizards
  2 kobolds (D:1)
  5 rats
42 creatures vanquished.

Vanquished Creatures (collateral kills)
  A dart slug (D:2)
1 creature vanquished.

Grand Total: 43 creatures vanquished

Notes
Turn   | Place    | Note
-------+----------+-------------------------------------------
     0 | D:1      | fcjeas the Gargoyle Earth Elementalist began the quest for
                  | the Orb.
     0 | D:1      | Reached XP level 1. HP: 10/10 MP: 3/3
   143 | D:1      | Reached XP level 2. HP: 13/15 MP: 5/5
   196 | D:1      | Reached skill level 4 in Earth Magic
   561 | D:1      | Got the Handbook of Orientation and Changing
   572 | D:1      | Found a faded altar of an unknown god.
   980 | D:2      | Reached XP level 3. HP: 19/19 MP: 5/7
   984 | D:2      | Learned a level 3 spell: Stone Arrow
  1094 | D:2      | Noticed a necrophage
  1100 | D:2      | Killed a necrophage
  1101 | D:2      | Reached skill level 1 in Conjurations
  1101 | D:2      | Reached skill level 5 in Earth Magic
  1101 | D:2      | Reached XP level 4. HP: 20/24 MP: 1/8
  1101 | D:2      | Reached XP level 5. HP: 24/28 MP: 1/9
  1977 | D:3      | Noticed Ijyb
  1991 | D:3      | HP: 1/28 [Ijyb/bolt of acid (9)]
  1993 | D:3      | Killed from afar by Ijyb

Illustrated notes

Levels and vault maps discovered:
D:1:      dpeg_arrival_rooms_c, layout_rooms, ebering_ecumenical_altar_rust
D:2:      layout_rooms, minmay_heptomino_w4
D:3:      layout_rooms, uniq_ijyb

Skill      XL: |  1  2  3  4  5 |
---------------+----------------+-----
Earth Magic    | 4 5 |  5.4
Spellcasting   | 3 |  3.5
Conjurations   | 1 2 |  2.5
Dodging        | |  1.5
Stealth        | |  2.1
Transmutations | |  0.7

Action                   |  1- 3 |  4- 6 || total
-------------------------+-------+-------++-------
Melee: Short sword       |    42 |    56 ||    98
       Unarmed           |     1 |       ||     1
 Cast: Sandblast         |    16 |    13 ||    29
       Stone Arrow       |     1 |     2 ||     3
  Use: Scroll            |     3 |     6 ||     9
       Potion            |       |     4 ||     4
 Stab: Sleeping          |     2 |       ||     2
Armor: Robe              |    15 |    22 ||    37
Dodge: Dodged            |    24 |    39 ||    63

Table legend: (Time is in decaauts)
 A = Elapsed time spent in this place.
 B = Non-inter-level travel time spent in this place.
 C = Inter-level travel time spent in this place.
 D = Time resting spent in this place.
 E = Time spent auto-exploring this place.
 F = Levels seen in this place.
 G = Mean time per level.
                   A        B        C        D        E       F      G
               +--------+--------+--------+--------+--------+-----+--------+
         Total |   2001 |   1946 |     55 |     37 |   1544 |   3 |  667.0 |
       Dungeon |   2001 |   1946 |     55 |     37 |   1544 |   3 |  667.0 |
               +--------+--------+--------+--------+--------+-----+--------+

Top non-repeatable levels by time:
     D:1: 931 daAuts
     D:2: 864 daAuts
     D:3: 205 daAuts
